AoeStats
← B4DILCAN

Oasis

508921111Analyzed
2v2 RM · 6d ago on Sep 24, 2026· 56m 44s· 4 players
Game mode
Random Map
Map size
Medium (4 player)
Population
200
Speed
Normal
Resources
Standard
Victory
Conquest
Starting age
Dark Age
Ending age
Imperial Age
RankedLock teamsTeams togetherTeam positionsShared explorationLock speedFull tech treeHidden civsTurbo modeCheats
Victory
Defeat
🇱🇺 Danes · Luxembourg
1271
+14
🇵🇪 Mongols · Peru
1265
+15
🇹🇷 Danes · Türkiye
1258
-15
🇹🇷 Saxons · Türkiye
1221
-14
bjkorhanertugrul
8:39 Loom
10:55 Feudal Age
11:52 Double-Bit Axe
11:57 Horse Collar
13:28 Wheelbarrow
12:22 Man-at-Arms
13:59 Arson
21:17 Forging
23:37 Castle Age
21:42 Scale Mail Armor
24:55 Iron Casting
24:20 Long Swordsman
25:02 Squires
25:54 Chain Mail Armor
29:36 Hand Cart
31:16 Gambesons
31:55 Gold Mining
31:56 Stone Mining
32:09 Heavy Plow
32:21 Bow Saw
35:32 Town Watch
43:57 Imperial Age
44:05 Two-Handed Swordsman
45:27 Plate Mail Armor
46:00 Conscription
45:03 Shield Wall
45:24 Two-Handed Swordsman
46:29 Champion
B4DILCAN
6:11 Loom
9:33 Feudal Age
10:11 Double-Bit Axe
10:30 Man-at-Arms
11:33 Horse Collar
13:38 Arson
21:07 Castle Age
21:22 Fletching
21:19 Elite Skirmisher
22:58 Bodkin Arrow
23:51 Padded Archer Armor
24:45 Bow Saw
27:21 Heavy Plow
29:04 Wheelbarrow
31:00 Ballistics
31:21 Gold Mining
36:25 Imperial Age
34:23 Squires
34:09 Gambesons
34:47 Leather Archer Armor
34:45 Hamask
35:48 Scale Mail Armor
35:58 Forging
37:08 Hand Cart
37:16 Chain Mail Armor
37:11 Forging
37:10 Thumb Ring
36:49 Cranequins
38:43 Bracer
38:49 Scale Barding Armor
39:47 Husbandry
41:49 Conscription
42:29 Ring Archer Armor
42:24 Elite Jomsviking
43:44 Plate Mail Armor
43:50 Iron Casting
46:05 Light Cavalry
47:00 Bloodlines
47:54 Blast Furnace
49:47 Chemistry
Skrepee
7:14 Loom
9:47 Feudal Age
10:47 Double-Bit Axe
16:22 Castle Age
16:04 Man-at-Arms
17:19 Scale Mail Armor
19:05 Horse Collar
19:24 Arson
20:44 Squires
22:24 Forging
25:35 Fletching
27:04 Chain Mail Armor
28:12 Bodkin Arrow
29:20 Wheelbarrow
29:46 Iron Casting
38:54 Imperial Age
37:42 Masonry
37:55 Ballistics
37:58 Bow Saw
41:28 Plate Mail Armor
41:59 Blast Furnace
41:44 Conscription
40:57 Onager
43:06 Chemistry
43:41 Bracer
43:48 Hamask
45:55 Siege Onager
46:31 Northmen's Fury
47:50 Capped Ram
49:07 Elite Jomsviking
50:21 Caravan
53:56 Hand Cart
53:26 Town Watch
54:38 Siege Ram
WALLS
8:13 Loom
11:09 Feudal Age
15:28 Castle Age
14:17 Double-Bit Axe
15:54 Fletching
16:30 Bow Saw
24:34 Horse Collar
30:13 Wheelbarrow
32:02 Gold Mining
32:06 Stone Mining
33:41 Hand Cart
36:32 Imperial Age
35:35 Town Watch
36:08 Bodkin Arrow
36:13 Padded Archer Armor
36:29 Heavy Plow
37:11 Gold Shaft Mining
37:12 Stone Shaft Mining
36:41 Town Patrol
37:09 Masonry
37:20 Ballistics
37:09 Scale Barding Armor
37:14 Thumb Ring
38:15 Chemistry
37:13 Elite Mangudai
38:23 Siege Engineers
37:48 Onager
39:05 Parthian Tactics
38:42 Bracer
39:03 Leather Archer Armor
39:12 Bloodlines
39:03 Husbandry
40:00 Drill
40:03 Conscription
41:56 Chain Barding Armor
41:03 Heavy Camel Rider
41:16 Siege Onager
44:21 Forging
46:09 Hoardings
45:05 Sappers
Connection lost

Rejoining the realm…

Still unreachable

The connection could not be restored.

Session expired

The server has moved on; the page needs a fresh start.